 Dungeon Crawl Stone Soup version 0.29.1-4-g47bece8355 (webtiles) character file.

Game seed: 16278331833425946195

20 javelincjr the Magician (level 3, -2/26 HPs)
             Began as a Djinni Hedge Wizard on Dec 9, 2022.
             Slain by an endoplasm (3 damage)
             ... on level 1 of the Dungeon.
             The game lasted 00:04:53 (1075 turns).

javelincjr the Magician (Djinni Hedge Wizard)       Turns: 1075, Time: 00:04:53

Health: -2/26      AC:  2    Str:  6 (9)  XL:     3   Next: 0%
Gold:   14         EV: 12    Int: 14 (17) God:
                   SH:  0    Dex:  9 (12)

rFire   + + .      SeeInvis .   a - +0 dagger
rCold   . . .      Faith    .   (no shield)
rNeg    + . .      Spirit   .   b - +0 robe
rPois   ∞          Reflect  .   c - +0 hat
rElec   .          Harm     .   (no cloak)
rCorr   .          Rampage  .   (no gloves)
Will    .....                   (boots unavailable)
Stlth   ++........              (no amulet)
HPRegen 0.08/turn               d - ring of positive energy
MPRegen 0.00/turn               i - ring of protection from cold

@: flying
A: sickness immunity, fire resistance 2, cold vulnerability 1, float, innate
caster, HP casting, extra vitality 1
a: no special abilities


You were on level 1 of the Dungeon.
You visited 1 branch of the dungeon, and saw 1 of its levels.

You collected 64 gold pieces.
You spent 50 gold pieces at shops.

Inventory:

Hand Weapons
 a - a +0 dagger (weapon)
 e - a +0 short sword
Armour
 b - a +0 robe (worn)
 c - a +0 hat (worn)
Jewellery
 d - a ring of positive energy (left hand)
 i - a ring of protection from cold (right hand)
 l - an amulet of regeneration
Scrolls
 f - 2 scrolls of identify
 j - 2 scrolls of teleportation
 k - a scroll of amnesia {unknown}
Potions
 g - 2 potions of attraction
 h - a potion of degeneration


   Skills:
 + Level 0.4 Fighting
 + Level 0.1 Short Blades
 + Level 2.4 Dodging
 + Level 1.6 Stealth
 + Level 2.9 Spellcasting


You couldn't memorise any spells.
You knew the following spells:

 Your Spells              Type           Power      Damage    Failure   Level
a - Magic Dart            Conj           40%        1d5       7%          1
b - Blink                 Tloc           20%        N/A       10%         2
c - Call Imp              Summ           10%        N/A       10%         2
d - Slow                  Hex            40%        N/A       7%          1
e - Conjure Flame         Conj/Fire      10%        6-21      21%         3
f - Mephitic Cloud        Conj/Pois/Air  10%        N/A       21%         3
g - Foxfire               Conj/Fire      40%        2x1d6     7%          1
Your spell library was empty.

Dungeon Overview and Level Annotations

Branches:
Dungeon (1/15)

Altars:

Shops:
D:1 *


Innate Abilities, Weirdness & Mutations

You are immune to sickness and miasma.
You are immune to poison.
Your flesh is very heat resistant. (rF++)
You are vulnerable to cold. (rC-)
You float through the air rather than walking.
You learn spells naturally, not from books.
Your magical power is your life essence.
You have superior vitality. (+4 MHP)


Message History

You don't know that spell.
Casting: Magic Dart (safe; 8% risk of failure)
Confirm with . or Enter, or press ? or * to list all spells.
Aiming: Magic Dart (safe; 8% risk of failure)
Press: ? - help, Shift-Dir - straight line, f/p - ball python
Aim: a ball python (severely wounded, 100% to hit)
The magic dart hits the ball python.
You kill the ball python!
You have reached level 3!
Your experience leads to an increase in your attributes!
Your base attributes are Str 9, Int 15, Dex 12.
Increase (S)trength, (I)ntelligence, or (D)exterity?
You feel clever. x2
The power to cast Foxfire wells up from within.
Spell assigned to 'g'.
The endoplasm freezes you.
You are frozen.
* * * LOW HITPOINT WARNING * * *
The endoplasm attacks as you move away! The endoplasm misses you.
Casting: Magic Dart (safe; 7% risk of failure)
Confirm with . or Enter, or press ? or * to list all spells.
Okay, then.
Casting: Magic Dart (safe; 7% risk of failure)
Confirm with . or Enter, or press ? or * to list all spells.
You conjure some foxfire!
* * * LOW HITPOINT WARNING * * *
The endoplasm freezes you.
You are frozen.
* * * LOW HITPOINT WARNING * * *
The foxfire hits the endoplasm.
The endoplasm is moderately wounded.
The foxfire hits the endoplasm.
The endoplasm is heavily wounded.
The endoplasm hits you but does no damage.
Casting: Foxfire (safe; 7% risk of failure)
Confirm with . or Enter, or press ? or * to list all spells.
You conjure some foxfire!
* * * LOW HITPOINT WARNING * * *
The endoplasm hits you.
You die...

#..#.#.#._P#.#.#.# ###.#
#........^..^^^..# #.# ##
#...g............# ###(###≈
#...####†..####### #.#.##≈P
##..# ##g..# ## #[.#≈P8 #..#
#.#.# #.###.##≈P
#g#.###.##g# #.#......
#.##...###J##########..###≈P
#.# #..##.v@v...........#≈P8
#.# ##.##§§####.#####..###≈P
#.##..# #..####≈
#.####.##..# #..#.###
#..........# #...## #
######.###.# #..#.### #.#
#.# ####..##.#. #.# #>#
.......÷... #.###.#
#####.#####


You could see an endoplasm (ally target) and a hobgoblin.

Vanquished Creatures
  6 ball pythons (D:1)
  A giant cockroach (D:1)
  3 goblins (D:1)
  A hobgoblin (D:1)
  2 kobolds (D:1)
  2 quokkas (D:1)
  A bat (D:1)
  2 frilled lizards (D:1)
18 creatures vanquished.

Vanquished Creatures (others)
  2 foxfires (D:1)
  4 toadstools (D:1)
6 creatures vanquished.

Grand Total: 24 creatures vanquished

Notes
Turn   | Place    | Note
-------+----------+-------------------------------------------
     0 | D:1      | javelincjr the Djinni Hedge Wizard began the quest for the
                  | Orb.
     0 | D:1      | javelincjr set off with the following spells memorised:
                  | Magic Dart, Blink, Call Imp, Slow, Conjure Flame, Mephitic
                  | Cloud.
     0 | D:1      | Reached XP level 1. HP: 15/15 MP: 0/0
   343 | D:1      | Reached XP level 2. HP: 18/21 MP: 0/0
   627 | D:1      | Found Exiogrub's General Store.
   866 | D:1      | Bought a scroll of teleportation for 30 gold pieces
   866 | D:1      | Bought a scroll of identify for 20 gold pieces
  1037 | D:1      | Found a faded altar of an unknown god.
  1068 | D:1      | Reached XP level 3. HP: 8/26 MP: 0/0
  1068 | D:1      | Learned a level 1 spell: Foxfire
  1075 | D:1      | Slain by an endoplasm

Illustrated notes

Levels and vault maps discovered:
D:1:      ldierk_walled_garden_2, layout_loops_ring,
          shapermc_ecumenical_altar_rom_forum, serial_shops,
          nicolae_shop_window_shopping

Action                   || total
-------------------------++-------
Melee: Dagger            ||    60
 Cast: Magic Dart        ||    14
       Blink             ||     1
       Foxfire           ||     2
  Use: Scroll            ||     2
       Potion            ||     2
Armor: Robe              ||    13
Dodge: Dodged            ||    45
